| TOP OF THE 1ST |
|
Denver Bears batting - Pitching for Wichita Aeros : RHP Greg A Harris
|
|
Pitching: RHP Greg A Harris
|
|
|
Batting: LHB Dallas Williams
|
0-0: Swinging Strike 0-1: Ground out 6-3 (Groundball, 6, EV 80.6 MPH)
|
|
Batting: RHB Adolfo Feliz
|
0-0: DOUBLE (Line Drive, 78D, EV 105.0 MPH)
|
|
Batting: LHB Danny Heep
|
0-0: Ball 1-0: Fly out, F8 (Line Drive, 8RM, EV 107.5 MPH)
|
|
Batting: RHB George A Bell
|
0-0: Ball 1-0: Ball 2-0: Ball 3-0: Base on Balls
|
|
Batting: LHB Tom Beyers
|
0-0: Ball 1-0: DOUBLE (Line Drive, 7LM, EV 102.5 MPH) Adolfo Feliz scores George A Bell to third Runner from 3rd tries for Home, SAFE, throw by LF to trailing runner, OUT at third! 7-6-5
|
| Top of the 1st over - 2 runs, 2 hits, 0 errors, 0 left on base; Denver 2 - Wichita 0 |
| BOTTOM OF THE 1ST |
|
Wichita Aeros batting - Pitching for Denver Bears : RHP Alex Vasquez
|
|
Pitching: RHP Alex Vasquez
|
|
|
Batting: RHB Jordan Ventura
|
0-0: Called Strike 0-1: Foul Ball, location: 2F 0-2: Foul Ball, location: 2F 0-2: Ball 1-2: Ground out 6-3 (Groundball, 6, EV 86.3 MPH)
|
|
Batting: RHB Greg Cypret
|
0-0: Ball 1-0: Called Strike 1-1: Ground out 6-3 (Groundball, 6, EV 98.1 MPH)
|
|
Batting: LHB Glenn Gulliver
|
0-0: Foul Ball, location: 2F 0-1: Foul Ball, location: 2F 0-2: Ground out 6-3 (Groundball, P, EV 90.6 MPH)
|
| Bottom of the 1st over - 0 runs, 0 hits, 0 errors, 0 left on base; Denver 2 - Wichita 0 |
| TOP OF THE 2ND |
|
Denver Bears batting - Pitching for Wichita Aeros : RHP Greg A Harris
|
|
Batting: RHB Juan Alvarez
|
0-0: Ball 1-0: Foul Ball, location: 2F 1-1: Ball 2-1: Called Strike 2-2: Foul Ball, location: 2F 2-2: Foul Ball, location: 2F 2-2: Ground out 6-3 (Groundball, 6, EV 85.0 MPH)
|
|
Batting: LHB Larry Donofrio
|
0-0: Called Strike 0-1: Ball 1-1: Foul Ball, location: 2F 1-2: Foul Ball, location: 2F 1-2: Ball 2-2: Ball 3-2: Ground out 5-3 (Groundball, 56S, EV 77.5 MPH)
|
|
Batting: RHB Francis McCann
|
0-0: Ball 1-0: Swinging Strike 1-1: Foul Ball, location: 2F 1-2: Ball 2-2: Strikes out swinging
|
| Top of the 2nd over - 0 runs, 0 hits, 0 errors, 0 left on base; Denver 2 - Wichita 0 |
| BOTTOM OF THE 2ND |
|
Wichita Aeros batting - Pitching for Denver Bears : RHP Alex Vasquez
|
|
Batting: SHB Gary Pettis
|
0-0: Foul Ball, location: 2F 0-1: Swinging Strike 0-2: Ball 1-2: Ball 2-2: Strikes out swinging
|
|
Batting: LHB Angel Matos
|
0-0: Ball 1-0: Ball 2-0: Swinging Strike 2-1: Ball 3-1: Called Strike 3-2: Base on Balls
|
|
Batting: RHB Gary House
|
0-0: Ball 1-0: Ball 2-0: Called Strike 2-1: Ball 3-1: Base on Balls Angel Matos to second
|
|
Batting: RHB Dave Stenhouse
|
0-0: Foul Ball, location: 2F 0-1: Foul Ball, location: 2F 0-2: Fly out, F3 (Popup, 3SF, EV 85.6 MPH)
|
|
Batting: LHB Jesus Ramos
|
0-0: Ball 1-0: Ground out 1-3 (Groundball, 34S, EV 71.9 MPH)
|
| Bottom of the 2nd over - 0 runs, 0 hits, 0 errors, 2 left on base; Denver 2 - Wichita 0 |
| TOP OF THE 3RD |
|
Denver Bears batting - Pitching for Wichita Aeros : RHP Greg A Harris
|
|
Batting: RHB Gomez Barahona
|
0-0: Ball 1-0: Called Strike 1-1: Ball 2-1: Ball 3-1: Ground out 6-3 (Groundball, 56, EV 84.4 MPH)
|
|
Batting: LHB Dallas Williams
|
0-0: Ball 1-0: Ball 2-0: Fly out, F2 (Popup, 2L, EV 91.9 MPH)
|
|
Batting: RHB Adolfo Feliz
|
0-0: Fly out, F8 (Line Drive, 8LM, EV 101.3 MPH)
|
| Top of the 3rd over - 0 runs, 0 hits, 0 errors, 0 left on base; Denver 2 - Wichita 0 |
| BOTTOM OF THE 3RD |
|
Wichita Aeros batting - Pitching for Denver Bears : RHP Alex Vasquez
|
|
Batting: RHB Victor Mabee
|
0-0: Called Strike 0-1: Ball 1-1: Ball 2-1: Swinging Strike 2-2: Strikes out swinging
|
|
Batting: RHB Jordan Ventura
|
0-0: Ball 1-0: Called Strike 1-1: Ball 2-1: Ground out 6-3 (Groundball, 56, EV 84.4 MPH)
|
|
Batting: RHB Greg Cypret
|
0-0: Ball 1-0: Ball 2-0: Ball 3-0: Called Strike 3-1: Called Strike 3-2: Base on Balls
|
|
Batting: LHB Glenn Gulliver
|
0-0: Called Strike 0-1: Swinging Strike 0-2: Foul Ball, location: 2F 0-2: Ball 1-2: Ball 2-2: Foul Ball, location: 2F 2-2: Foul Ball, location: 2F 2-2: Foul Ball, location: 2F 2-2: Strikes out swinging
|
| Bottom of the 3rd over - 0 runs, 0 hits, 0 errors, 1 left on base; Denver 2 - Wichita 0 |
| TOP OF THE 4TH |
|
Denver Bears batting - Pitching for Wichita Aeros : RHP Greg A Harris
|
|
Batting: LHB Danny Heep
|
0-0: Fly out, F9 (Line Drive, 9, EV 83.8 MPH)
|
|
Batting: RHB George A Bell
|
0-0: Called Strike 0-1: Fly out, F8 (Flyball, 89D, EV 101.3 MPH)
|
|
Batting: LHB Tom Beyers
|
0-0: Foul Ball, location: 2F 0-1: SINGLE (Flyball, 3D, EV 98.8 MPH)
|
|
Batting: RHB Juan Alvarez
|
0-0: Ball 1-0: Ball 2-0: Fielders Choice at 2nd, 6-4 (Groundball, 6, EV 85.0 MPH)
|
| Top of the 4th over - 0 runs, 1 hit, 0 errors, 1 left on base; Denver 2 - Wichita 0 |
| BOTTOM OF THE 4TH |
|
Wichita Aeros batting - Pitching for Denver Bears : RHP Alex Vasquez
|
|
Batting: SHB Gary Pettis
|
0-0: Called Strike 0-1: Ball 1-1: Foul Ball, location: 2F 1-2: Strikes out looking and he ARGUES THE CALL AND IS TOSSED!
|
|
Batting: LHB Angel Matos
|
0-0: Fly out, F7 (Flyball, 7, EV 95.6 MPH)
|
|
Batting: RHB Gary House
|
0-0: Called Strike 0-1: Called Strike 0-2: Ball 1-2: Ball 2-2: Strikes out swinging
|
| Bottom of the 4th over - 0 runs, 0 hits, 0 errors, 0 left on base; Denver 2 - Wichita 0 |
| TOP OF THE 5TH |
|
Denver Bears batting - Pitching for Wichita Aeros : RHP Greg A Harris
|
|
Now in CF: Robert Markham
|
|
|
Batting: LHB Larry Donofrio
|
0-0: Called Strike 0-1: Called Strike 0-2: Ground out 1-3 (Groundball, 15S, EV 68.8 MPH)
|
|
Batting: RHB Francis McCann
|
0-0: Swinging Strike 0-1: Called Strike 0-2: Foul Ball, location: 2F 0-2: Ball 1-2: Strikes out swinging
|
|
Batting: RHB Gomez Barahona
|
0-0: Ball 1-0: Ball 2-0: Ground out 6-3 (Groundball, 6, EV 83.1 MPH)
|
| Top of the 5th over - 0 runs, 0 hits, 0 errors, 0 left on base; Denver 2 - Wichita 0 |
| BOTTOM OF THE 5TH |
|
Wichita Aeros batting - Pitching for Denver Bears : RHP Alex Vasquez
|
|
Batting: RHB Dave Stenhouse
|
0-0: Swinging Strike 0-1: Ball 1-1: Ball 2-1: Called Strike 2-2: Foul Ball, location: 2F 2-2: Ball 3-2: Base on Balls
|
|
Batting: LHB Jesus Ramos
|
0-0: Sac Bunt to 2R - play at first, batter OUT! 2-3 Dave Stenhouse to second
|
|
Batting: RHB Victor Mabee
|
0-0: Ball 1-0: Foul Ball, location: 2F 1-1: Ball 2-1: SINGLE (Line Drive, 9S, EV 103.1 MPH) Dave Stenhouse to third
|
|
Batting: RHB Jordan Ventura
|
0-0: Ball 1-0: Ball 2-0: Foul Ball, location: 2F 2-1: Foul Ball, location: 2F 2-2: Foul Ball, location: 2F 2-2: Foul Ball, location: 2F 2-2: Ball 3-2: Strikes out looking Victor Mabee is caught stealing 2nd base 2-4 Batter strikes out.
|
| Bottom of the 5th over - 0 runs, 1 hit, 0 errors, 1 left on base; Denver 2 - Wichita 0 |
| TOP OF THE 6TH |
|
Denver Bears batting - Pitching for Wichita Aeros : RHP Greg A Harris
|
|
Batting: LHB Dallas Williams
|
0-0: Ball 1-0: Called Strike 1-1: Called Strike 1-2: Foul Ball, location: 2F 1-2: Fly out, F8 (Flyball, 8LD, EV 80.0 MPH)
|
|
Batting: RHB Adolfo Feliz
|
0-0: Ball 1-0: Fly out, F8 (Flyball, 8RM, EV 96.9 MPH)
|
|
Batting: LHB Danny Heep
|
0-0: Ball 1-0: Ball 2-0: Ball 3-0: Called Strike 3-1: Foul Ball, location: 2F 3-2: Base on Balls
|
|
Batting: RHB George A Bell
|
0-0: Ball 1-0: Ball 2-0: Called Strike 2-1: Called Strike 2-2: Foul Ball, location: 2F 2-2: Strikes out swinging
|
| Top of the 6th over - 0 runs, 0 hits, 0 errors, 1 left on base; Denver 2 - Wichita 0 |
| BOTTOM OF THE 6TH |
|
Wichita Aeros batting - Pitching for Denver Bears : RHP Alex Vasquez
|
|
Batting: RHB Greg Cypret
|
0-0: Ball 1-0: Called Strike 1-1: Fly out, F8 (Flyball, 8LM, EV 83.8 MPH)
|
|
Batting: LHB Glenn Gulliver
|
0-0: Ball 1-0: Called Strike 1-1: Fly out, F7 (Flyball, 7S, EV 90.6 MPH)
|
|
Batting: LHB Robert Markham
|
0-0: SINGLE (Line Drive, 9S, EV 106.9 MPH)
|
|
Batting: LHB Angel Matos
|
0-0: Ball 1-0: Called Strike Robert Markham is caught stealing 2nd base 2-6
|
| Bottom of the 6th over - 0 runs, 1 hit, 0 errors, 0 left on base; Denver 2 - Wichita 0 |
| TOP OF THE 7TH |
|
Denver Bears batting - Pitching for Wichita Aeros : RHP Greg A Harris
|
|
Batting: LHB Tom Beyers
|
0-0: Ball 1-0: DOUBLE (Line Drive, 9LM, EV 108.1 MPH)
|
|
Batting: RHB Juan Alvarez
|
0-0: Foul Ball, location: 2F 0-1: Ball 1-1: Fly out, F7 (Flyball, 78M, EV 88.1 MPH)
|
|
Batting: LHB Larry Donofrio
|
0-0: Intentional Walk
|
|
Batting: RHB Francis McCann
|
0-0: Swinging Strike 0-1: Foul Ball, location: 2F 0-2: Ball 1-2: Foul Ball, location: 2F 1-2: Foul Ball, location: 2F 1-2: Strikes out looking
|
|
Batting: RHB Gomez Barahona
|
0-0: Ball 1-0: Foul Ball, location: 2F 1-1: Fielders Choice at 2nd, 5-4 (Groundball, 5L, EV 84.4 MPH)
|
| Top of the 7th over - 0 runs, 1 hit, 0 errors, 2 left on base; Denver 2 - Wichita 0 |
| BOTTOM OF THE 7TH |
|
Wichita Aeros batting - Pitching for Denver Bears : RHP Alex Vasquez
|
|
Batting: LHB Angel Matos
|
0-0: Ball 1-0: Ball 2-0: Ball 3-0: Called Strike 3-1: Foul Ball, location: 2F 3-2: DOUBLE (Line Drive, 9LD, EV 105.6 MPH)
|
|
Batting: RHB Gary House
|
0-0: Called Strike 0-1: Ball 1-1: Ball 2-1: Foul Ball, location: 2F 2-2: Ball 3-2: Base on Balls
|
|
Pinch Runner at 2nd Jim F Weaver:
|
|
|
Batting: RHB Dave Stenhouse
|
0-0: Called Strike 0-1: Grounds into double play, U3-6 (Groundball, 3L, EV 103.1 MPH) Jim F Weaver to third
|
|
Batting: LHB Jesus Ramos
|
0-0: Ball 1-0: Foul Ball, location: 2F 1-1: Ground out U3 (Groundball, 3L, EV 83.1 MPH)
|
| Bottom of the 7th over - 0 runs, 1 hit, 0 errors, 1 left on base; Denver 2 - Wichita 0 |
| TOP OF THE 8TH |
|
Denver Bears batting - Pitching for Wichita Aeros : RHP Greg A Harris
|
|
Batting: LHB Dallas Williams
|
0-0: SINGLE (Groundball, 56D, EV 104.4 MPH)
|
|
Batting: RHB Adolfo Feliz
|
0-0: Bunt missed! 0-1: Ball 1-1: Bunt missed! 1-2: DOUBLE (Groundball, 3D, EV 100.6 MPH) Dallas Williams to third
|
|
Batting: LHB Danny Heep
|
0-0: Ground out 1-3 (Groundball, 34S, EV 67.5 MPH)
|
|
Batting: RHB George A Bell
|
0-0: Fly out, F7 (Flyball, 78S, EV 90.0 MPH)
|
|
Batting: LHB Tom Beyers
|
0-0: Intentional Walk
|
|
Batting: RHB Juan Alvarez
|
0-0: Ball 1-0: Swinging Strike 1-1: Swinging Strike 1-2: Ball 2-2: Strikes out looking
|
| Top of the 8th over - 0 runs, 2 hits, 0 errors, 3 left on base; Denver 2 - Wichita 0 |
| BOTTOM OF THE 8TH |
|
Wichita Aeros batting - Pitching for Denver Bears : RHP Alex Vasquez
|
|
Batting: RHB Victor Mabee
|
0-0: Ground out 4-3 (Groundball, 4, EV 90.6 MPH)
|
|
Batting: RHB Jordan Ventura
|
0-0: Ball 1-0: Ground out 5-3 (Groundball, 56S, EV 73.8 MPH)
|
|
Batting: RHB Greg Cypret
|
0-0: Called Strike 0-1: Ball 1-1: Foul Ball, location: 2F 1-2: DOUBLE (Flyball, 78XD, EV 99.4 MPH)
|
|
Batting: LHB Glenn Gulliver
|
0-0: Ball 1-0: Called Strike 1-1: Fly out, F7 (Flyball, 7D, EV 99.4 MPH)
|
| Bottom of the 8th over - 0 runs, 1 hit, 0 errors, 1 left on base; Denver 2 - Wichita 0 |
| TOP OF THE 9TH |
|
Denver Bears batting - Pitching for Wichita Aeros : RHP Greg A Harris
|
|
Batting: LHB Larry Donofrio
|
0-0: Foul Ball, location: 2F 0-1: Foul Ball, location: 2F 0-2: Ball 1-2: Ball 2-2: Strikes out swinging
|
|
Batting: RHB Francis McCann
|
0-0: Foul Ball, location: 2F 0-1: Ball 1-1: Swinging Strike 1-2: Strikes out looking
|
|
Batting: RHB Gomez Barahona
|
0-0: Swinging Strike 0-1: Fly out, F8 (Flyball, 8RD, EV 93.1 MPH)
|
| Top of the 9th over - 0 runs, 0 hits, 0 errors, 0 left on base; Denver 2 - Wichita 0 |
| BOTTOM OF THE 9TH |
|
Wichita Aeros batting - Pitching for Denver Bears : RHP Alex Vasquez
|
|
Now at 1B: Frank Lucy
|
|
|
Batting: LHB Robert Markham
|
0-0: Ball 1-0: Ball 2-0: Called Strike 2-1: Ball 3-1: Foul Ball, location: 2F 3-2: Fly out, F6 (Flyball, 56D, EV 91.3 MPH)
|
|
Batting: LHB Jim F Weaver
|
0-0: Called Strike 0-1: Called Strike 0-2: Ball 1-2: Foul Ball, location: 2F 1-2: Ball 2-2: Ball 3-2: Fly out, F9 (Flyball, 9S, EV 83.1 MPH)
|
|
Batting: RHB Gary House
|
0-0: Ground out 3-1 (Groundball, 34S, EV 74.4 MPH)
|
| Bottom of the 9th over - 0 runs, 0 hits, 0 errors, 0 left on base; Denver 2 - Wichita 0 |
|